 Dungeon Crawl Stone Soup version 0.31.0-11-ge490571c62 (webtiles) character file.

Game seed: 16646814289611844130

29 SmokeWeed the Sneak (level 3, 0/24 HPs)
             Began as an Octopode Brigand on Feb 5, 2024.
             Slain by a ribbon worm (7 damage)
             ... on level 2 of the Dungeon.
             The game lasted 00:01:55 (636 turns).

SmokeWeed the Sneak (Octopode Brigand)               Turns: 636, Time: 00:01:56

Health: 0/24       AC:  1    Str: 10    XL:     3   Next: 16%
Magic:  3/3        EV: 13    Int: 13    God:
Gold:   71         SH:  0    Dex: 15    Spells: 2/2 levels left

rFire   . . .        a - +2 dagger
rCold   . . .        (no shield)
rNeg    . . .        (helmet restricted)
rPois   .            (no amulet)
rElec   .            (no ring)
rCorr   .            (no ring)
SInv    .            (no ring)
Will    .....        (no ring)
Stlth   ++++         (no ring)
HPRegen 0.24/turn    (no ring)
MPRegen 0.08/turn    (no ring)
                     (no ring)

%: no passive effects
@: no status effects
A: almost no armour, amphibious, 8 rings, camouflage 1, gelatinous body 1,
(nimble swimmer 1), tentacles
a: no special abilities


You were on level 2 of the Dungeon.
You visited 1 branch of the dungeon, and saw 2 of its levels.

You collected 71 gold pieces.

Inventory:

Hand Weapons
 a - a +2 dagger (weapon)
Missiles
 b - 9 poisoned darts (quivered)
 c - 3 curare-tipped darts
Scrolls
 f - a scroll of blinking
Potions
 d - a potion of degeneration {unknown}
 e - a potion of heal wounds {unknown}


   Skills:
 + Level 2.0 Fighting
 + Level 2.4 Short Blades
 + Level 2.0 Throwing
 + Level 1.1 Dodging
 + Level 6.3 Stealth


You had 2 spell levels left.
You didn't know any spells.
Your spell library was empty.

Dungeon Overview and Level Annotations

Branches:
Dungeon (2/15)

Altars:

Shops:
D:2 !


Innate Abilities, Weirdness & Mutations

You cannot wear most types of armour.
You are amphibious.
You can wear up to eight rings at the same time.
Your skin changes colour to match your surroundings (Stealth+).
Your rubbery body absorbs attacks. (AC +1, EV +1)
((You are camouflaged when in or above water. (Stealth+)))
You have tentacles for arms and can constrict up to eight enemies at once.


Message History

f - a scroll of blinking You now have 71 gold pieces (gained 6).
A bat comes into view.
A bat is nearby!
An endoplasm comes into view.
A ribbon worm comes into view.
Found a fizzy emerald potion.
You barely miss the bat. You grab the bat. You constrict the bat.
The bat closely misses you.
The bat struggles to escape constriction.
The bat hits you.
You barely miss the bat. You squeeze the bat.
You kill the bat!
You see here a bat corpse.
A goblin comes into view. It is wielding a +0 club.
The goblin shouts!
The endoplasm quivers.
You see here a scroll labelled FIOKETAPHYTYE.
The endoplasm freezes you.
You are frozen.
A dart slug comes into view.
You hit the endoplasm.
The endoplasm is heavily wounded.
The endoplasm closely misses you.
You hit the endoplasm.
You kill the endoplasm!
The ribbon worm bites you.
The ribbon worm expels a string of sticky webbing.
The stream of webbing hits you but does no damage.
You are caught in a web!
There is a web here.
You see here a scroll labelled FIOKETAPHYTYE.
You struggle to detach yourself from the web.
The web tears apart.
The goblin hits you with a +0 club. The goblin attacks as it pursues you!
The goblin hits you with a +0 club. The goblin attacks as it pursues you!
The goblin hits you with a +0 club.
* * * LOW HITPOINT WARNING * * *
The ribbon worm attacks as it pursues you!
The ribbon worm bites you!
You die...

....####### ..........#
..........# ..........#
#.........# #...w.....##
#..........###########
#....!..?g@#.........####
#####....w...............
#......####.........####
#.#.........#..........#
# +....................+
#....................#
#.........#..........#
#.........###'#########
#########...........#


You could see a ribbon worm, a dart slug and a goblin.

Vanquished Creatures
  3 bats
  5 endoplasms
  3 giant cockroaches (D:1)
  4 hobgoblins (D:1)
  A quokka (D:1)
  3 ball pythons (D:1)
  3 kobolds
  3 rats (D:1)
25 creatures vanquished.

Notes
Turn   | Place    | Note
-------+----------+-------------------------------------------
     0 | D:1      | SmokeWeed the Octopode Brigand began the quest for the Orb.
     0 | D:1      | Reached XP level 1. HP: 14/14 MP: 1/1
    72 | D:1      | Reached XP level 2. HP: 19/19 MP: 2/2
   237 | D:1      | Reached skill level 6 in Stealth
   419 | D:1      | Reached XP level 3. HP: 20/24 MP: 3/3
   583 | D:2      | Found Mure's Distillery.
   636 | D:2      | Slain by a ribbon worm

Illustrated notes

Levels and vault maps discovered:
D:1:      amcnicky_arrival_choice, layout_rooms, feat_on_display
D:2:      layout_basic, serial_shops, shop, basic_ecumenical_altar

Skill      XL: |  1  2 |
---------------+-------+-----
Stealth        | 6 |  6.3
Fighting       | |  2.0
Short Blades   | |  2.4
Throwing       | |  2.0
Dodging        | |  1.1

Action                     || total
---------------------------++-------
  Melee: Dagger            ||    46
         Constrict         ||     9
         Tentacles         ||     8
         Punch             ||     1
    Use: Scroll            ||     2
   Stab: Sleeping          ||     6
 Armour: Skin              ||    27
  Dodge: Dodged            ||    28
